 Dungeon Crawl Stone Soup version 0.30-a0-354-g6b83867211 (webtiles) character file.

Game seed: 10554337656266464958

30 koil the Chopper (level 3, -2/30 HPs)
             Began as a Hill Orc Reaver on Nov 8, 2022.
             Slain by a goblin
             ... wielding a +0 club
             ... led by Robin
              (5 damage)
             ... on level 2 of the Dungeon.
             The game lasted 00:02:16 (895 turns).

koil the Chopper (Hill Orc Reaver)                   Turns: 895, Time: 00:02:17

Health: -2/30      AC:  3    Str: 16    XL:     3   Next: 20%
Magic:  5/5        EV: 11    Int: 13    God:
Gold:   86         SH:  0    Dex:  9    Spells: 2/5 levels left

rFire   . . .      SeeInvis .    a - +0 hand axe
rCold   . . .      Faith    .    (no shield)
rNeg    . . .      Spirit   .    b - +0 leather armour
rPois   .          Reflect  .    (no helmet)
rElec   .          Harm     .    (no cloak)
rCorr   .          Rampage  .    (no gloves)
Will    .....                    (no boots)
Stlth   +.........               (no amulet)
HPRegen 0.25/turn                e - ring of flight
MPRegen 0.09/turn                (no ring)

@: flying
A: no striking features
a: no special abilities


You were on level 2 of the Dungeon.
You visited 1 branch of the dungeon, and saw 2 of its levels.

You collected 86 gold pieces.

Inventory:

Hand Weapons
 a - a +0 hand axe (weapon)
Missiles
 l - 5 poisoned darts
Armour
 b - a +0 leather armour (worn)
Jewellery
 e - a ring of flight (left hand)
 i - a ring of protection from fire
Scrolls
 c - a scroll of poison {unknown}
 d - a scroll of fog {unknown}
 f - a scroll of amnesia {unknown}
 g - a scroll of identify {unknown}
 h - 2 scrolls of teleportation {unknown}
 m - a scroll of enchant armour {unknown}
 n - a scroll of magic mapping {unknown}
Potions
 j - 2 potions of curing {unknown}
 k - a potion of magic {unknown}


   Skills:
 + Level 2.8 Fighting
 + Level 4.2 Axes
 + Level 1.0 Armour
 + Level 1.8 Dodging
 + Level 1.8 Spellcasting
 + Level 3.1 Conjurations
 + Level 0.3 Translocations


You had 2 spell levels left.
You knew the following spells:

 Your Spells              Type           Power      Damage    Failure   Level
a - Kiss of Death         Conj/Necr      20%        2d7       17%         1
b - Momentum Strike       Conj/Tloc      10%        3d8       24%         2

Your spell library contained the following spells:

 Spells                   Type           Power      Damage    Failure   Level
 Hailstorm                Conj/Ice       5%         3d4       45%         3


Dungeon Overview and Level Annotations

Branches:
Dungeon (2/15)

Altars:
Gozag

Annotations:
D:2 Robin


Message History

You closely miss the goblin. The goblin hits you with a +0 dagger.
A goblin comes into view. It is wielding a +0 club.
Robin throws the goblin at you!
You hit the goblin.
You kill the goblin!
You closely miss the goblin. The goblin barely misses you.
Things that are here:
a +0 club; a goblin corpse The goblin attacks as you move away!
The goblin hits you but does no damage.
Robin roars a battlecry!
The goblins go into a battle-frenzy!
You hit the goblin but do no damage. The goblin hits you with a +0 dagger.
A hobgoblin comes into view.
Robin throws the goblin at you! The goblin barely misses you.
You slash the goblin!
You kill the goblin!
You closely miss the goblin. The goblin hits you with a +0 club.
A hobgoblin comes into view.
You closely miss the goblin. You hit the goblin but do no damage.
The goblin barely misses you. The goblin hits you with a +0 club.
A hobgoblin comes into view.
The goblin hits you with a +0 club. The goblin barely misses you.
You closely miss the goblin. x2; The goblin barely misses you.
The goblin hits you with a +0 club.
You barely miss the goblin. You closely miss the goblin.
The goblin hits you but does no damage. The goblin hits you with a +0 club.
You hit the goblin.
The goblin is moderately wounded.
You miss the goblin. The goblin barely misses you.
The goblin hits you with a +0 club.
* * * LOW HITPOINT WARNING * * *
You closely miss the goblin.
The goblin is moderately wounded.
You hit the goblin but do no damage. The goblin hits you with a +0 club.
* * * LOW HITPOINT WARNING * * *
The goblin misses you.
You hit the goblin but do no damage.
The goblin is moderately wounded.
You closely miss the goblin. The goblin hits you with a +0 club.
You die...

### ####### .... #.....###
..... #####...##
.....g#############....####
....gggggg@g...............
.....g################.....
..... ####.. .... ### ...
## ## .. . #. . .###. ....)


You could see Robin, 3 hobgoblins and 5 goblins.

Vanquished Creatures
  A worm (D:2)
  A dart slug (D:2)
  3 endoplasms (D:1)
  4 giant cockroaches (D:1)
  2 goblins (D:2)
  2 hobgoblins (D:1)
  2 ball pythons (D:1)
  2 bats (D:1)
  2 frilled lizards (D:1)
  2 kobolds (D:1)
  3 rats (D:1)
24 creatures vanquished.

Notes
Turn   | Place    | Note
-------+----------+-------------------------------------------
     0 | D:1      | koil the Hill Orc Reaver began the quest for the Orb.
     0 | D:1      | Reached XP level 1. HP: 18/18 MP: 3/3
   300 | D:1      | Reached XP level 2. HP: 25/25 MP: 4/4
   303 | D:1      | Learned a level 2 spell: Momentum Strike
   645 | D:1      | Reached skill level 1 in Armour
   690 | D:2      | Found an opulent altar of Gozag.
   739 | D:2      | Reached XP level 3. HP: 13/30 MP: 5/5
   881 | D:2      | Noticed Robin
   893 | D:2      | HP: 4/30 [goblin/+0 club[Robin] (6)]
   895 | D:2      | Slain by a goblin

Illustrated notes

Levels and vault maps discovered:
D:1:      dpeg_arrival_simpleton_b, layout_loops_ring
D:2:      layout_rooms, basic_altar, uniq_terence, uniq_robin

Skill      XL: |  1  2 |
---------------+-------+-----
Armour         | 1 |  1.0
Fighting       | |  2.8
Axes           | |  4.2
Dodging        | |  1.8
Spellcasting   | |  1.8
Conjurations   | |  3.1
Translocations | |  0.3

Action                   || total
-------------------------++-------
Melee: Hand axe          ||    99
       Punch             ||     2
Armor: Leather armour    ||    22
Dodge: Dodged            ||    67

Table legend: (Time is in decaauts)
 A = Elapsed time spent in this place.
 B = Non-inter-level travel time spent in this place.
 C = Inter-level travel time spent in this place.
 D = Time resting spent in this place.
 E = Time spent auto-exploring this place.
 F = Levels seen in this place.
 G = Mean time per level.
                   A        B        C        D        E       F      G
               +--------+--------+--------+--------+--------+-----+--------+
         Total |    903 |    892 |     11 |      0 |    685 |   2 |  451.5 |
       Dungeon |    903 |    892 |     11 |      0 |    685 |   2 |  451.5 |
               +--------+--------+--------+--------+--------+-----+--------+

Top non-repeatable levels by time:
     D:1: 696 daAuts
     D:2: 207 daAuts
